 Dungeon Crawl Stone Soup version 0.21-a0-504-g2eda330 (webtiles) character file.

39 slep the Skirmisher (level 3, 0/29 HPs)
             Began as a Demonspawn Monk on Nov 26, 2017.
             Slain by a worm (6 damage)
             ... on level 2 of the Dungeon.
             The game lasted 00:03:53 (924 turns).

slep the Skirmisher (Demonspawn Monk)                Turns: 924, Time: 00:03:53

Health: 0/29       AC:  3    Str: 12    XL:     3   Next: 28%
Magic:  3/3        EV: 15    Int: 11    God:
Gold:   85         SH:  0    Dex: 15    Spells: 2/2 levels left

rFire    . . .     SeeInvis .   a - +0 spear
rCold    + . .     Gourm    .   (no shield)
rNeg     . . .     Faith    .   b - +1 robe
rPois    .         Spirit   .   (no helmet)
rElec    .         Reflect  .   (no cloak)
rCorr    .         Harm     .   (no gloves)
MR       .....                  (no boots)
Stlth    ++........             (no amulet)
HPRegen  0.09/turn              g - ring of protection from cold
MPRegen  0.08/turn              (no ring)

@: no status effects
A: repulsion field 1, demonic guardian 1
a: no special abilities


You were on level 2 of the Dungeon.
You were not hungry.

You visited 1 branch of the dungeon, and saw 2 of its levels.

You collected 85 gold pieces.

Inventory:

Hand Weapons
 a - a +0 spear (weapon)
Armour
 b - a +1 robe (worn)
Jewellery
 g - a ring of protection from cold (left hand)
Scrolls
 d - a scroll of enchant armour
 e - a scroll of remove curse
 f - a scroll of teleportation
Comestibles
 c - 2 bread rations
 h - 3 fruits


   Skills:
 + Level 3.5 Fighting
 + Level 3.2 Polearms
 + Level 3.0 Dodging
 + Level 1.9 Stealth


You had 2 spell levels left.
You didn't know any spells.

Dungeon Overview and Level Annotations

Branches:
Dungeon (2/15)

Altars:
Elyvilon

Annotations:
D:2 Natasha


Innate Abilities, Weirdness & Mutations

You are surrounded by a mild repulsion field. (EV +2)
A weak demonic guardian rushes to your aid.


Message History

You kill the goblin!
You hit the goblin.
You kill the goblin!
Attack whom?
Press: ? - help, Dir - move target cursor, f - worm
Aim: a worm You reach to attack!
You hit the worm but do no damage. You hit the rat.
You kill the rat!
You barely miss the worm. You hit the worm.
The worm is lightly wounded.
The worm bites you!
* * * LOW HITPOINT WARNING * * *
You hit the worm.
The worm is moderately wounded.
You hit the worm.
The worm is heavily wounded.
The worm bites you.
You die...

#..........# #.# #..#
#..#######.# #.# #>#. #..#
#.# #.# #.## #.#
#.###.####.## #.#
#............ .######.#
#..##........ ........#
#..##..##....
≈≈......#######..##..##.#.#
≈≈≈.....hw@5.....##........
≈≈≈......##.####.###.##.#.#
≈≈≈......##.# #.# #.##....
≈≈≈.....###.####.# #)####.#
≈≈≈≈....# #......###.####.#
≈≈≈≈..... #####.....(......
§§≈≈..... ##)###.#####.
≈§≈≈..≈.g ##.# #. #.(# #.


You could see a worm, Natasha and a friendly quasit.

Vanquished Creatures
  2 dart slugs (D:1)
  A leopard gecko (D:2)
  3 bats
  A giant cockroach (D:1)
  7 goblins
  3 hobgoblins (D:1)
  5 jackals
  3 frilled lizards (D:1)
  4 kobolds
  3 rats
32 creatures vanquished.

Notes
Turn   | Place    | Note
-------+----------+-------------------------------------------
     0 | D:1      | slep the Demonspawn Monk began the quest for the Orb.
     0 | D:1      | Reached XP level 1. HP: 18/18 MP: 1/1
   107 | D:1      | Gained mutation: You are surrounded by a mild repulsion field. (EV +2) [demonic ancestry]
   107 | D:1      | Reached XP level 2. HP: 13/24 MP: 2/2
   755 | D:1      | Found a white marble altar of Elyvilon.
   827 | D:2      | Gained mutation: A weak demonic guardian rushes to your aid. [demonic ancestry]
   827 | D:2      | Reached XP level 3. HP: 17/29 MP: 3/3
   916 | D:2      | Noticed Natasha
   924 | D:2      | Slain by a worm

Vault maps used:
D:1:      dpeg_arrival_water_altar, minmay_tripent
D:2:      lemuel_old_faithful, uniq_robin, uniq_natasha

Skill      XL: |  1  2  3 |
---------------+----------+-----
Polearms       | 3 |  3.2
Dodging        | 3 |  3.0
Fighting       | |  3.5
Stealth        | |  1.9

Action                   || total
-------------------------++-------
Melee: Spear             ||   126
  Use: Scroll            ||     3
 Stab: Sleeping          ||     3
Armor: Robe              ||    16
Dodge: Dodged            ||    72

Table legend:
 A = Spawn XP
 B = Non-spawn XP
 C = Spawn XP percentage of total XP
 D = Spawn monster count
 E = Non-spawn monster count
 F = Spawn count percentage of total count
 G = Total turns spent on level
                    A         B        C        D         E        F      G
               +---------+---------+-------+---------+---------+-------+---------
         Total |       0 |      57 |   0.0 |       0 |      32 |   0.0 |   924
               +---------+---------+-------+---------+---------+-------+---------
           D:1 |       0 |      34 |   0.0 |       0 |      19 |   0.0 |   785
           D:2 |       0 |      23 |   0.0 |       0 |      13 |   0.0 |   139
               +---------+---------+-------+---------+---------+-------+---------
